AoeStats
← waltwhite

Black Forest

510440557Analyzed
4v4 RM · 2d ago on Oct 1, 2026· 76m 58s· 8 players
Game mode
Random Map
Map size
Large (8 player)
Population
200
Speed
Normal
Resources
Standard
Victory
Conquest
Starting age
Dark Age
Ending age
Imperial Age
RankedLock teamsTeams togetherTeam positionsShared explorationLock speedFull tech treeHidden civsTurbo modeCheats
Victory
Defeat
🇺🇸 Teutons · United States
584
+12
🇺🇸 Vikings · United States
487
+16
🇺🇸 Danes · United States
458
+17
🇭🇰 Varangians · Hong Kong SAR China
417
+19
🇺🇸 Maya · United States
512
-17
🇨🇱 Malay · Chile
500
-17
🇺🇸 Persians · United States
454
-15
🇨🇱 Sicilians · Chile
451
-15
SHADOWBANN3D
13:06 Feudal Age
15:38 Wheelbarrow
14:51 Town Watch
14:57 Horse Collar
15:12 Gold Mining
20:09 Double-Bit Axe
20:41 Fletching
20:52 Padded Archer Armor
24:26 Castle Age
26:37 Hand Cart
26:28 Caravan
27:00 Coinage
26:29 Bodkin Arrow
27:47 Town Patrol
31:22 Thumb Ring
30:41 Crossbowman
36:58 Bow Saw
37:18 Leather Archer Armor
42:08 Imperial Age
43:01 Stone Mining
44:24 Two-Man Saw
44:24 Squires
46:36 Bracer
47:07 Ring Archer Armor
47:01 Ballistics
48:46 Heated Shot
48:36 Treadmill Crane
49:59 Chemistry
49:31 Conscription
49:32 Arbalester
50:04 Capped Ram
55:57 Eagle Warrior
56:18 Heavy Scorpion
58:16 Holcans
59:18 Elite Plumed Archer
60:16 Masonry
60:18 Fortified Wall
Kurplatz
0:51 Loom
13:34 Feudal Age
13:51 Horse Collar
14:00 Double-Bit Axe
16:09 Town Watch
18:14 Wheelbarrow
21:51 Arson
27:14 Castle Age
25:49 Forging
28:29 Heavy Plow
30:49 Ballistics
32:31 Gold Mining
33:06 Guard Tower
33:35 Fletching
33:48 Stone Mining
34:39 Masonry
36:03 Town Patrol
35:56 Elite Skirmisher
38:13 Thumb Ring
39:07 Hand Cart
39:02 Padded Archer Armor
38:56 Gambesons
40:21 Gold Shaft Mining
39:27 Crossbowman
40:40 Husbandry
42:25 Stone Shaft Mining
42:23 Parthian Tactics
42:06 Scale Mail Armor
45:09 Bloodlines
44:20 Light Cavalry
45:41 Iron Casting
45:13 Scale Barding Armor
45:23 Chain Mail Armor
46:48 Kamandaran
maximo.cmd
0:53 Loom
14:08 Feudal Age
21:38 Double-Bit Axe
21:42 Horse Collar
24:52 Wheelbarrow
24:50 Man-at-Arms
25:16 Arson
30:11 Gold Mining
30:11 Stone Mining
54:43 Castle Age
53:44 Elite Skirmisher
60:10 Squires
63:31 Hand Cart
63:50 Heavy Plow
64:08 Bow Saw
66:10 Pikeman
66:19 Long Swordsman
71:40 Padded Archer Armor
x4L056
2:31 Loom
14:59 Feudal Age
15:42 Horse Collar
16:39 Wheelbarrow
16:27 Double-Bit Axe
20:28 Gold Mining
28:17 Stone Mining
28:48 Forging
28:39 Scale Mail Armor
33:00 Castle Age
34:26 Scale Barding Armor
34:55 Bloodlines
38:01 Hand Cart
38:07 Husbandry
37:28 Light Cavalry
48:12 Man-at-Arms
48:37 Gambesons
49:08 Long Swordsman
64:01 Bow Saw
66:23 Imperial Age
68:40 Elite Serjeant
Kayak
13:13 Feudal Age
14:30 Wheelbarrow
13:42 Horse Collar
13:57 Double-Bit Axe
15:40 Stone Mining
20:11 Forging
20:02 Scale Mail Armor
21:02 Gold Mining
21:05 Arson
24:04 Castle Age
24:22 Pikeman
25:02 Squires
24:48 Gambesons
25:43 Iron Casting
25:24 Chain Mail Armor
25:38 Bow Saw
25:40 Heavy Plow
29:49 Hamask
33:28 Hand Cart
38:24 Imperial Age
39:38 Conscription
42:02 Blast Furnace
41:33 Plate Mail Armor
41:40 Elite Jomsviking
58:27 Halberdier
59:16 Elite Varangian Guard
62:09 Heavy Scorpion
67:47 Ballistics
69:19 Siege Engineers
waltwhite
11:05 Feudal Age
15:51 Man-at-Arms
22:31 Fletching
39:31 Castle Age
43:37 Elite Skirmisher
43:50 Pikeman
44:34 Squires
60:59 Crossbowman
64:38 Arson
guitarflyingmatt
8:14 Loom
13:55 Feudal Age
15:49 Wheelbarrow
16:04 Double-Bit Axe
25:32 Castle Age
23:59 Gold Mining
24:03 Stone Mining
23:58 Horse Collar
24:50 Man-at-Arms
26:32 Hand Cart
27:14 Fletching
27:29 Squires
26:50 Pikeman
26:51 Long Swordsman
27:44 Bloodlines
28:35 Stone Shaft Mining
29:35 Bodkin Arrow
33:15 Town Watch
33:43 Bow Saw
37:16 Fortified Wall
37:27 Ballistics
36:57 Arson
39:51 Imperial Age
39:05 Sanctity
38:57 Fervor
39:15 Forging
39:06 Scale Mail Armor
39:22 Heavy Plow
41:09 Conscription
41:24 Hoardings
42:25 Two-Man Saw
41:53 Block Printing
42:58 Caravan
43:14 Guilds
43:54 Iron Casting
43:35 Chain Mail Armor
44:16 Elite Teutonic Knight
46:25 Blast Furnace
48:00 Chemistry
49:32 Crenellations
50:46 Arrowslits
53:48 Plate Mail Armor
53:26 Scale Barding Armor
52:44 Cavalier
59:32 Paladin
70:04 Chain Barding Armor
今天是魔王
1:07 Loom
11:54 Feudal Age
15:02 Double-Bit Axe
16:00 Wheelbarrow
16:08 Gold Mining
17:18 Fletching
17:38 Horse Collar
18:33 Stone Mining
26:10 Castle Age
25:51 Forging
26:14 Bloodlines
26:00 Arson
28:31 Bow Saw
29:40 Bodkin Arrow
29:50 Caravan
30:16 Heavy Plow
35:17 Husbandry
34:42 Light Cavalry
39:22 Imperial Age
38:53 Hand Cart
38:45 Vendel Legacy
40:41 Stone Shaft Mining
40:17 Bracer
40:53 Iron Casting
40:24 Scale Barding Armor
40:23 Scale Mail Armor
42:37 Hussar
45:05 Conscription
44:52 Onager
45:10 Elite Varangian Guard
46:33 Squires
48:29 Two-Man Saw
48:04 Crop Rotation
47:24 Town Watch
49:57 Gothikon
54:30 Blast Furnace
53:46 Chain Mail Armor
53:52 Chain Barding Armor
53:37 Padded Archer Armor
68:30 Town Patrol
69:03 Murder Holes
68:49 Treadmill Crane
69:31 Ballistics
70:13 Chemistry
69:22 Siege Engineers
69:28 Masonry
Connection lost

Rejoining the realm…

Still unreachable

The connection could not be restored.

Session expired

The server has moved on; the page needs a fresh start.